 Dungeon Crawl Stone Soup version 0.24.0-13-gcf9b3192b9 (webtiles) character file.

Game seed: 11693549235735953984, levelgen mode: deterministic

11907 Kairok the Covert (level 11, -5/56 HPs)
             Began as a Vine Stalker Assassin on Nov 9, 2019.
             Was a High Priest of Uskayaw.
             Slain by a cyan very ugly thing (19 damage)
             ... on level 10 of the Dungeon.
             The game lasted 00:19:00 (8561 turns).

Kairok the Covert (Vine Stalker Assassin)           Turns: 8561, Time: 00:19:01

Health: -5/56      AC: 17    Str: 19    XL:     11   Next: 85%
Magic:  0/17       EV: 11    Int: 11    God:    Uskayaw [*****.]
Gold:   273        SH:  5    Dex: 19    Spells: 10/10 levels left

rFire    . . .     SeeInvis .   S - +2 short sword (elec)
rCold    + . .     Gourm    .   O - +0 buckler
rNeg     . . .     Faith    .   N - +3 scale mail {rC+}
rPois    +         Spirit   +   v - +0 helmet
rElec    .         Reflect  .   c - +0 cloak
rCorr    .         Harm     .   H - +2 pair of gloves {Str+3}
MR       +....                  z - +0 pair of boots
Stlth    ++++......             V - amulet of magic regeneration
HPRegen  0.58/turn              l - ring of poison resistance
MPRegen  0.40/turn              r - +2 ring of strength

@: no status effects
A: fangs 3, regeneration 1, magic shield, antimagic bite, no potion heal 3, rot
immunity
a: Stomp, Line Pass, Grand Finale, Renounce Religion


You were on level 10 of the Dungeon.
You worshipped Uskayaw.
Uskayaw was noncommittal.
You were hungry.

You visited 2 branches of the dungeon, and saw 11 of its levels.

You collected 500 gold pieces.
You spent 227 gold pieces at shops.

Inventory:

Hand Weapons
 a - a +2 dagger
 s - a +4 falchion of electrocution
 J - a +2 dagger of speed
 Q - a +3 short sword of draining
 S - a +2 short sword of electrocution (weapon)
 T - a +2 short sword of freezing
Missiles
 d - 105 poisoned darts (quivered)
 e - 2 curare-tipped darts
 G - 5 datura-tipped darts
Armour
 c - a +0 cloak (worn)
 v - a +0 helmet (worn)
 z - a +0 pair of boots (worn)
 H - a +2 pair of gloves of strength (worn)
 K - the +0 robe of Magic {rElec MR+ SInv}
   (You found it on level 6 of the Dungeon)

   It insulates you from electricity.
   It affects your resistance to hostile enchantments.
   It lets you see invisible.
 N - a +3 scale mail of cold resistance (worn)
 O - a +0 buckler (worn)
Jewellery
 l - a ring of poison resistance (left hand)
 m - an uncursed ring of resist corrosion
 o - an uncursed ring of flight
 r - a +2 ring of strength (right hand)
 A - an uncursed ring of positive energy
 V - an amulet of magic regeneration (around neck)
Wands
 b - a wand of flame (35)
 n - a wand of polymorph (4)
 t - a wand of paralysis (14)
 P - a wand of random effects (21)
Scrolls
 g - 4 scrolls of remove curse
 i - 3 scrolls of identify
 k - a scroll of fog {unknown}
 p - 4 scrolls of teleportation
 u - a scroll of magic mapping {unknown}
 w - 4 scrolls of immolation
 y - 3 scrolls of fear {unknown}
 C - 4 scrolls of enchant weapon {unknown}
 D - a scroll of summoning {unknown}
Potions
 h - 6 potions of curing
 j - 3 potions of flight {unknown}
 q - 3 potions of degeneration {unknown}
 x - a potion of invisibility
 B - 3 potions of might {unknown}
 E - 2 potions of agility
 F - a potion of ambrosia {unknown}
 I - 4 potions of mutation
 L - 3 potions of lignification
 M - 2 potions of heal wounds
 R - a potion of brilliance {unknown}
 U - a potion of berserk rage {unknown}
Comestibles
 f - 15 rations


   Skills:
 + Level 5.7 Fighting
 + Level 6.9(8.6) Short Blades
 - Level 7.8(9.0) Long Blades
 + Level 2.4 Throwing
 + Level 5.3 Armour
 + Level 3.4 Dodging
 + Level 10.9 Stealth
 + Level 2.3 Shields
 + Level 0.6 Unarmed Combat
 * Level 7.1 Invocations


You had 10 spell levels left.
You didn't know any spells.
Your spell library contained the following spells:

 Spells                   Type           Power        Failure   Level  Hunger
 Magic Dart               Conj           #...         77%         1    ##.....
 Shock                    Conj/Air       #...         77%         1    ##.....
 Blink                    Tloc           N/A          88%         2    ###....
 Call Imp                 Summ           #.......     88%         2    ###....
 Slow                     Hex            #.......     88%         2    ###....
 Swiftness                Chrm/Air       #.......     88%         2    ###....
 Conjure Flame            Conj/Fire      #.......     98%         3    ####...
 Mephitic Cloud           Conj/Pois/Air  #.......     98%         3    ####...
 Static Discharge         Conj/Air       #.......     98%         3    ####...
 Airstrike                Air            #.........   100%        4    #####..
 Bolt of Magma            Conj/Fire/Erth #.........   100%        5    ######.
 Iskenderun's Battlesphe  Conj/Chrm      #.......     100%        5    ######.
 Lightning Bolt           Conj/Air       #.........   100%        5    ######.
 Venom Bolt               Conj/Pois      #.........   100%        5    ######.
 Iron Shot                Conj/Erth      #.........   100%        6    #######
 Orb of Destruction       Conj           #.........   100%        7    #######
 Spellforged Servitor     Conj/Summ      #.........   100%        7    #######


Dungeon Overview and Level Annotations

Branches:
Dungeon (10/15)            Temple (1/1) D:7            Lair (0/6) D:9
    Orc (0/2) D:10

Altars:
Ashenzari
Cheibriados
Hepliaklqana
Kikubaaqudgha
Nemelex Xobeh
Okawaru
Trog
Uskayaw
Vehumet
Wu Jian
Xom
Yredelemnul
Zin

Shops:
D:4 [:=[?

Annotations:
D:9 4 runed translucent doors


Innate Abilities, Weirdness & Mutations

You have razor-sharp teeth.
Your natural rate of healing is unusually fast.
When hurt, damage is shared between your health and your magic reserves.
Your bite disrupts and absorbs the magic of your enemies.
Potions cannot restore your health.
You are immune to rotting.


Message History

You are too injured to fight recklessly!
You are too injured to fight recklessly!
You are too injured to fight recklessly!
You are too injured to fight recklessly!
You are too injured to fight recklessly!
You are too injured to fight recklessly!
You are too injured to fight recklessly!
You are too injured to fight recklessly!
You are too injured to fight recklessly!
You are too injured to fight recklessly!
You are too injured to fight recklessly!
You are too injured to fight recklessly!
You are too injured to fight recklessly!
You are too injured to fight recklessly!
You barely miss the white ugly thing.
The white ugly thing is almost dead.
The cyan very ugly thing bites you!
* * * LOW HITPOINT WARNING * * *
The cyan very ugly thing shocks you!!
You die...

###'#### #.......... #.....#
#.......... .#...#!#.....#
#.......... ##.#.#.##.....#
#..........
#.#.?.#ยง##'#########........>.
#...#...#...#........#########
#.#...#.#...#........#........
#...Guuu#...uu.......#.......)
###'uu###...#@.......#........
#.......#u..#........#........
####...G'u..#........#........
#....#...#........'........
#'####...#........########.
#...###+##........#.....##.
#........#..(.....#........
#........#........#........
#........'........#...#.#..


You could see a cyan very ugly thing and a white ugly thing.

Vanquished Creatures
  2 two-headed ogres
  A glowing orange brain (D:10)
  4 ugly things (D:10)
  A centaur skeleton (D:10)
  A gargoyle (D:10)
  2 trolls
  A hippogriff (D:10)
  Sigmund (D:3)
  A spriggan (D:9)
  3 wyverns
  6 yaks (D:10)
  A water moccasin (D:6)
  A porcupine (D:9)
  10 orc warriors
  3 ice beasts
  7 ogres
  3 black bears
  A phantom (D:7)
  A crocodile (D:7)
  3 centaurs
  4 big kobolds
  6 bullfrogs
  A wyvern skeleton (D:8)
  4 scorpions
  5 killer bees (D:8)
  3 wights (D:5)
  4 crimson imps
  A quasit (D:9)
  7 hounds
  6 orc priests
  4 gnoll shamans
  3 bullfrog skeletons
  4 jellies
  10 orc wizards
  4 iguanas
  6 worker ants
  2 killer bee zombies
  A hound zombie (D:10)
  A hound skeleton (D:2)
  Robin (D:3)
  11 adders
  17 gnolls
  2 howler monkey skeletons (D:7)
  3 shadow imps
  An ooze (D:3)
  3 adder zombies
  An adder skeleton (D:8)
  2 worms (D:2)
  2 dart slugs (D:1)
  5 leopard geckos
  46 orcs
  5 giant cockroaches
  7 hobgoblins
  8 jackals
  27 kobolds
  2 quokkas
  2 ball pythons
  11 bats
  7 frilled lizards
  11 goblins
  A jackal skeleton (D:4)
  8 rats
312 creatures vanquished.

Vanquished Creatures (others)
  An orc wizard (D:5)
  An orc (D:5)
  5 fungi (D:10)
  A plant (D:9)
8 creatures vanquished.

Grand Total: 320 creatures vanquished

Notes
Turn   | Place    | Note
-------+----------+-------------------------------------------
     0 | D:1      | Kairok the Vine Stalker Assassin began the quest for the
                  | Orb.
     0 | D:1      | Reached XP level 1. HP: 11/11 MP: 2/2
    42 | D:1      | Reached skill level 5 in Stealth
    46 | D:1      | Reached XP level 2. HP: 15/15 MP: 3/3
   360 | D:1      | Reached XP level 3. HP: 18/18 MP: 4/4
   782 | D:2      | Found a sparkling altar of Nemelex Xobeh.
   811 | D:2      | Reached skill level 6 in Stealth
   811 | D:2      | Gained mutation: Your natural rate of healing is unusually
                  | fast. [Vine Stalker growth]
   811 | D:2      | Reached XP level 4. HP: 21/23 MP: 5/5
   887 | D:2      | Reached skill level 1 in Dodging
   999 | D:2      | Reached XP level 5. HP: 21/27 MP: 4/6
  1427 | D:3      | Noticed Robin
  1435 | D:3      | Killed Robin
  1442 | D:3      | HP: 1/27 [goblin[Robin] (4)]
  1697 | D:3      | Found a radiant altar of Vehumet.
  1819 | D:3      | Found a bloodstained altar of Trog.
  1819 | D:3      | Found a hide-covered altar of Uskayaw.
  1819 | D:3      | Found an ornate altar of the Wu Jian Council.
  1827 | D:3      | Became a worshipper of Uskayaw the Reveler
  1860 | D:3      | Reached * piety under Uskayaw
  1864 | D:3      | Reached ** piety under Uskayaw
  1899 | D:3      | Reached skill level 1 in Long Blades
  1899 | D:3      | Reached XP level 6. HP: 20/32 MP: 3/7
  1901 | D:3      | Reached *** piety under Uskayaw
  1963 | D:3      | Noticed Sigmund
  1968 | D:3      | Killed Sigmund
  1968 | D:3      | Reached skill level 1 in Armour
  2083 | D:3      | Reached XP level 7. HP: 36/36 MP: 8/8
  2380 | D:3      | Found an ancient bone altar of Kikubaaqudgha.
  2559 | D:4      | Found Koralop's Book Shoppe.
  2708 | D:4      | Found Gavyhisa's Armour Shoppe.
  2726 | D:4      | Found a hazy altar of Hepliaklqana.
  2764 | D:4      | Found Harev's Jewellery Emporium.
  2778 | D:4      | Found Moadoime's Antique Armour Shop.
  2831 | D:4      | Bought a pair of runed gloves for 142 gold pieces
  2870 | D:4      | Found Ujyadang's Magic Scroll Shop.
  3074 | D:4      | Found a glowing silver altar of Zin.
  3104 | D:5      | Entered Level 5 of the Dungeon
  3135 | D:5      | Reached **** piety under Uskayaw
  3139 | D:5      | Reached ***** piety under Uskayaw
  3231 | D:5      | Gained mutation: You have razor-sharp teeth. [Vine Stalker
                  | growth]
  3231 | D:5      | Reached XP level 8. HP: 40/40 MP: 9/9
  3440 | D:5      | Reached skill level 7 in Stealth
  3440 | D:5      | Reached skill level 1 in Invocations
  3682 | D:6      | Got a distressingly furry robe
  3693 | D:6      | Identified the cursed +0 robe of Magic {rElec MR+ SInv}
                  | (You found it on level 6 of the Dungeon)
  3718 | D:6      | Found an iron altar of Okawaru.
  4595 | D:7      | Found a staircase to the Ecumenical Temple.
  4617 | D:7      | Reached skill level 5 in Long Blades
  4617 | D:7      | Reached XP level 9. HP: 31/45 MP: 6/12
  4706 | D:7      | Reached skill level 5 in Short Blades
  5339 | D:4      | Bought a buckler for 85 gold pieces
  5429 | Temple   | Entered the Ecumenical Temple
  5443 | D:8      | Reached skill level 8 in Stealth
  5779 | D:8      | Noticed a two-headed ogre
  5808 | D:8      | Killed a two-headed ogre
  5808 | D:8      | Reached XP level 10. HP: 28/51 MP: 9/14
  5883 | D:8      | Found a snail-covered altar of Cheibriados.
  6021 | D:8      | Found a basalt altar of Yredelemnul.
  6055 | D:8      | Found a shimmering altar of Xom.
  6484 | D:9      | Noticed a two-headed ogre
  6494 | D:9      | Killed a two-headed ogre
  6494 | D:9      | Reached skill level 9 in Stealth
  6494 | D:9      | Reached skill level 1 in Shields
  6494 | D:9      | Reached skill level 5 in Invocations
  6661 | D:9      | Reached skill level 5 in Fighting
  6815 | D:9      | Found a huge runed translucent gate.
  6816 | D:9      | Found a huge runed translucent gate.
  6817 | D:9      | Found a huge runed translucent gate.
  6817 | D:9      | Noticed a manticore
  6817 | D:9      | Noticed a death yak
  6818 | D:9      | Found a huge runed translucent gate.
  6929 | D:9      | Found a staircase to the Lair.
  7043 | D:9      | Reached XP level 11. HP: 55/55 MP: 16/16
  7167 | D:10     | Entered Level 10 of the Dungeon
  7199 | D:10     | Found a shattered altar of Ashenzari.
  7328 | D:10     | Found a staircase to the Orcish Mines.
  7474 | D:10     | Reached skill level 10 in Stealth
  7769 | D:10     | Found a runed translucent gate.
  7769 | D:10     | Found a runed translucent gate.
  7769 | D:10     | Found a runed translucent gate.
  7769 | D:10     | Noticed a white ugly thing
  7769 | D:10     | Noticed a green ugly thing
  7769 | D:10     | Noticed a purple ugly thing
  7769 | D:10     | Noticed a red very ugly thing
  7769 | D:10     | Noticed a glowing orange brain
  7770 | D:10     | Noticed a cyan ugly thing
  7771 | D:10     | Noticed a cyan ugly thing
  8161 | D:10     | Reached skill level 5 in Armour
  8424 | D:10     | Killed a purple ugly thing
  8425 | D:10     | Killed a green ugly thing
  8543 | D:10     | Killed a glowing orange brain
  8553 | D:10     | Killed a green ugly thing
  8557 | D:10     | Killed a white ugly thing
  8561 | D:10     | Slain by a cyan very ugly thing

Levels and vault maps discovered:
D:1:      lightli_arrival_noodles, layout_loops_ring
D:2:      layout_loops_ring, old_standard_altar
D:3:      layout_loops_corners, old_standard_altar,
          nicolae_overflow_hidden_temple, gammafunk_temple_overflow_claw,
          uniq_sigmund, uniq_robin
D:4:      layout_rooms, lemuel_round_altar, kennysheep_mini_moat, serial_shops,
          nicolae_shop_trees, shop, shop, nicolae_shop_statue_plus,
          nicolae_shop_behind_doors
D:5:      layout_rooms, first_ration, lemuel_flamethrower_2
D:6:      layout_cave_pods, okawaru_gym_becter
D:7:      layout_gridville, minmay_temple_entry_tees
D:8:      layout_loops_cross, lemuel_doored_altar, xom_butterflies,
          yredelemnul_altar_generic
D:9:      lemuel_bear_cage, layout_grid_maze, grunt_lair_entry_orc_guard_hut,
          the_bakery
D:10:     kennysheep_seaside_town, layout_gridville, david_orc_2,
          ploomutoo_gammafunk_ghost_potion_laboratory, serial_park_tiny_2,
          ashenzari_altar_1
Temple:   cyrus_temple_forest

Skill      XL: |  1  2  3  4  5  6  7  8  9 10 11 |
---------------+----------------------------------+-----
Stealth        | 5 6 7 8 9 10 | 10.9
Throwing       | 2 |  2.4
Short Blades   | 2 3 4 5 6 |  6.9
Fighting       | 2 3 4 5 |  5.7
Dodging        | 1 2 3 |  3.4
Long Blades    | 1 2 3 5 6 7 |  7.8
Armour         | 1 2 3 4 5 |  5.3
Invocations    | 2 4 5 7 |  7.1
Shields        | 1 2 |  2.3
Unarmed Combat | |  0.6

Action                   |  1- 3 |  4- 6 |  7- 9 | 10-12 || total
-------------------------+-------+-------+-------+-------++-------
Melee: Dagger            |    90 |    87 |       |     8 ||   185
       Bite              |    31 |    34 |    93 |   138 ||   296
       Falchion          |       |    56 |   278 |   198 ||   532
       Unarmed           |       |     8 |       |       ||     8
       Punch             |       |       |     2 |       ||     2
       Short sword       |       |       |       |   130 ||   130
Throw: Dart              |     8 |       |     2 |       ||    10
  Use: Scroll            |     1 |     5 |     6 |     2 ||    14
 Stab: Sleeping          |     2 |     4 |    11 |    12 ||    29
       Paralysed         |       |       |     7 |    19 ||    26
       Distracted        |       |       |     1 |     2 ||     3
  Eat: Chunk             |       |     3 |    13 |     5 ||    21
       Ration            |       |       |       |     1 ||     1
Armor: Robe              |    10 |       |       |       ||    10
       Scale mail        |    24 |    70 |   146 |   112 ||   352
Dodge: Dodged            |    51 |    85 |   144 |   150 ||   430
Block: Buckler           |       |       |    11 |    58 ||    69
       Rpst.: Falchion   |       |     6 |    42 |    24 ||    72
